Map: [ESL] Oceanborn

Players

MCanning - Winner!

  • Race: Protoss Protoss
  • Spawn Location: 11:00

Scarlett

  • Race: Zerg Zerg
  • Spawn Location: 5:00

Event: ESL SC2 Masters 2024 Spring (Regional)

VOD

Have the link to the VOD?

Description

Time

  • Played on: April 13, 2024, 2:48 p.m.
  • Length: 17:06

All games in this series

Show
View Real Time Build Order
Export as new Build Order

MCanning Protoss - Winner!

Build Orders: 1 Gate Expand, Oracle Opening, Chargelot Immortal 

Get SALT Encoding   

  12  0:00  Probe  
  13  0:12  Probe  
  14  0:19  Pylon  
  14  0:24  Probe  
  15  0:37  Probe (Chrono Boost)  
  15  0:38  Gateway  
  16  0:47  Assimilator  
  16  0:48  Probe (Chrono Boost)  
  17  0:53  Probe (Chrono Boost)  
  18  1:03  Probe  
  19  1:15  Probe  
  20  1:23  Nexus  
  20  1:33  Cybernetics Core  
  20  1:37  Probe (Chrono Boost)  
  21  1:42  Assimilator  
  21  1:49  Probe (Chrono Boost)  
  21  1:52  Pylon  
  22  1:56  Probe (Chrono Boost)  
  23  2:07  Adept (Chrono Boost)  
  23  2:10  Probe  
  26  2:19  Stargate  
  26  2:22  Probe  
  27  2:30  Stalker  
  27  2:34  Probe  
  30  2:39  Warp Gate, Probe  
  31  2:46  Probe  
  32  2:51  Probe (Chrono Boost)  
  33  3:04  Probe x2 (Chrono Boost)  
  35  3:09  Probe (Chrono Boost)  
  35  3:10  Void Ray (Chrono Boost)  
  35  3:12  Probe (Chrono Boost)  
  41  3:17  Gateway  
  41  3:18  Probe  
  42  3:22  Probe  
  42  3:25  Pylon  
  43  3:30  Probe  
  44  3:35  Pylon, Probe  
  44  3:40  Oracle (Chrono Boost)  
  45  3:42  Probe  
  45  3:48  Probe  
  50  3:54  Probe  
  51  4:01  Nexus  
  51  4:04  Probe  
  51  4:07  Pylon  
  51  4:08  Oracle (Chrono Boost)  
  52  4:13  Probe  
  56  4:18  Probe  
  56  4:23  Assimilator  
  57  4:27  Forge  
  57  4:29  Twilight Council, Probe  
  57  4:30  Probe  
  59  4:41  Probe (Chrono Boost)  
  59  4:43  Robotics Facility  
  61  4:46  Probe (Chrono Boost)  
  61  4:49  Gateway  
  61  4:51  Gateway  
  62  4:53  Probe (Chrono Boost)  
  62  4:57  Probe x2 (Chrono Boost)  
  64  5:05  Blink (Chrono Boost)  
  65  5:08  Probe (Chrono Boost)  
  65  5:10  Probe (Chrono Boost)  
  65  5:14  Probe (Chrono Boost), Shield Battery  
  66  5:17  Adept x2  
  73  5:23  Probe x2 (Chrono Boost)  
  73  5:24  Probe (Chrono Boost)  
  73  5:27  Protoss Ground Weapons Level 1 (Chrono Boost)  
  74  5:28  Probe (Chrono Boost)  
  74  5:30  Probe  
  74  5:32  Probe  
  77  5:35  Shield Battery  
  77  5:37  Pylon  
  77  5:40  Probe  
  77  5:42  Stalker x2, Probe  
  83  5:44  Probe  
  84  5:52  Probe  
  84  5:54  Assimilator  
  84  5:55  Probe  
  84  5:56  Probe  
  87  5:58  Gateway x2  
  87  5:59  Pylon  
  87  6:01  Immortal  
  91  6:04  Probe  
  92  6:11  Pylon  
  92  6:13  Pylon  
  92  6:15  Gateway  
  92  6:16  Gateway  
  92  6:18  Stalker x2  
  92  6:19  Assimilator, Stalker  
  98  6:28  Probe  
  99  6:36  Stalker  
  99  6:38  Probe  
  98  6:40  Immortal  
  98  6:46  Charge (Chrono Boost)  
  102  6:47  Shield Battery  
  102  6:48  Shield Battery  
  102  6:50  Photon Cannon  
  102  6:51  Photon Cannon  
  102  6:53  Photon Cannon  
  102  6:55  Photon Cannon  
  102  6:56  Photon Cannon  
  102  6:57  Stalker x2  
  102  7:00  Sentry  
  102  7:01  Sentry  
  110  7:09  Pylon  
  110  7:10  Stalker x2, Shield Battery  
  114  7:20  Stalker x2  
  116  7:26  Immortal  
  110  7:31  Stalker  
  110  7:34  Stalker  
  112  7:37  Probe  
  112  7:38  Stalker x3  
  118  7:44  Probe  
  118  7:46  Gateway  
  116  7:53  Probe  
  116  7:54  Zealot x4  
  119  7:58  Zealot  
  119  8:04  Stalker x3  
  119  8:05  Observer (Chrono Boost)  
  108  8:15  Stalker x4  
  110  8:22  Stalker  
  110  8:24  Probe  
  110  8:26  Probe  
  102  8:34  Nexus  
  102  8:35  Pylon  
  102  8:36  Forge  
  102  8:45  Zealot x2  
  102  8:46  Zealot x4  
  114  8:50  Templar Archives  
  114  8:59  Photon Cannon  
  114  9:00  Immortal (Chrono Boost)  
  114  9:02  Protoss Ground Armor Level 1 (Chrono Boost)  
  118  9:06  Assimilator  
  118  9:18  Psionic Storm  
  118  9:19  Zealot x4  
  118  9:22  Photon Cannon  
  126  9:24  Shield Battery  
  126  9:28  Pylon  
  126  9:33  High Templar  
  126  9:37  Pylon  
  120  9:38  Photon Cannon  
  120  9:40  High Templar, Photon Cannon  
  120  9:41  Pylon  
  120  9:45  Immortal (Chrono Boost), Probe  
  123  9:51  Protoss Ground Weapons Level 2 (Chrono Boost)  
  127  9:53  Robotics Facility  
  127  9:56  Pylon  
  127  9:58  Probe  
  127  9:59  Photon Cannon, Probe  
  129  10:06  High Templar  
  131  10:09  High Templar  
  131  10:12  Zealot x3  
  131  10:13  Zealot  
  141  10:16  Photon Cannon  
  141  10:17  Stalker  
  143  10:26  High Templar  
  145  10:32  Zealot x2  
  145  10:33  Zealot  
  152  10:35  Zealot  
  152  10:37  Immortal (Chrono Boost)  
  152  10:40  Assimilator, High Templar  
  156  10:46  Immortal (Chrono Boost)  
  160  10:55  Zealot x6  
  172  10:59  Pylon  
  172  11:02  High Templar  
  174  11:06  Immortal (Chrono Boost)  
  174  11:08  Protoss Ground Armor Level 2 (Chrono Boost)  
  172  11:23  Fleet Beacon  
  170  11:27  Assimilator  
  168  11:33  Stargate  
  168  11:36  Warp Prism  
  170  11:40  Nexus  
  170  11:43  Pylon  
  170  11:44  Zealot x3  
  176  11:47  High Templar  
  176  11:48  Shield Battery  
  176  11:52  Zealot x2  
  176  11:53  Photon Cannon  
  182  12:00  Immortal  
  178  12:02  Zealot x2  
  178  12:04  Protoss Ground Weapons Level 3 (Chrono Boost)  
  178  12:18  Carrier (Chrono Boost)  
  190  12:28  Carrier (Chrono Boost)  
  182  12:34  Zealot x6  
  182  12:36  High Templar  
  182  12:37  High Templar  
  172  12:46  Zealot  
  172  12:48  Immortal  
  172  13:15  Zealot x6, Carrier (Chrono Boost)  
  172  13:18  Protoss Air Weapons Level 1  
  186  13:23  Photon Cannon  
  186  13:24  Shield Battery  
  186  13:25  Mothership (Chrono Boost)  
  160  13:38  Immortal x2  
  164  13:42  Archon  
  164  13:47  Zealot x2  
  164  13:48  Zealot x2  
  171  13:51  Zealot x2  
  165  14:07  Shield Battery  
  165  14:08  Pylon  
  161  14:10  Carrier (Chrono Boost)  
  161  14:11  Zealot x3  
  161  14:12  Zealot  
  161  14:13  Observer x2  
  160  14:27  Zealot x5  
  170  14:39  Nexus  
  170  14:45  Carrier (Chrono Boost)  
  170  14:48  High Templar x2  
  170  14:49  High Templar x2  
  182  14:59  High Templar x2  
  170  15:05  Archon  
  168  15:10  High Templar  
  164  15:15  Photon Cannon  
  164  15:17  Photon Cannon  
  164  15:22  Photon Cannon  
  164  15:23  Photon Cannon  
  164  15:26  Archon  
  164  15:31  Zealot x3  
  168  15:40  High Templar x2  
  176  15:45  Archon, Void Ray (Chrono Boost)  
  176  15:46  Zealot x2  
  174  15:56  Zealot x3  
  156  16:18  Zealot x3  
  156  16:19  Zealot x5  
  178  16:32  Zealot  
  183  16:51  Zealot x6  
Show
View Real Time Build Order
Export as new Build Order

Scarlett Zerg 

Build Orders: Hatch First, Lurkers 

Get SALT Encoding   

  12  0:00  Drone  
  13  0:12  Overlord  
  13  0:17  Drone  
  14  0:30  Drone x2  
  16  0:46  Hatchery  
  15  0:50  Drone  
  15  0:54  Drone  
  17  0:57  Drone  
  18  1:08  Extractor  
  17  1:12  Spawning Pool  
  17  1:15  Drone  
  18  1:18  Drone  
  18  1:27  Drone  
  19  1:38  Drone  
  20  1:49  Drone  
  21  1:58  Queen x2  
  21  1:59  Zergling x2, Overlord  
  26  2:09  Drone  
  26  2:11  Drone  
  28  2:15  Metabolic Boost  
  28  2:21  Drone x2  
  30  2:30  Drone  
  30  2:34  Drone  
  30  2:36  Hatchery  
  31  2:41  Queen  
  33  2:45  Overlord  
  33  2:48  Drone  
  34  2:53  Drone  
  34  2:54  Zergling x2  
  36  3:03  Queen  
  38  3:05  Overlord  
  38  3:06  Drone x2  
  38  3:09  Drone  
  38  3:10  Drone  
  42  3:16  Drone  
  42  3:17  Drone  
  44  3:23  Queen  
  44  3:25  Overlord  
  46  3:38  Drone x5  
  51  3:43  Drone  
  51  3:46  Overlord  
  52  3:50  Drone x4, Queen  
  57  3:57  Spore Crawler  
  57  3:59  Queen  
  57  4:01  Zergling x6  
  61  4:13  Overlord, Drone x2  
  61  4:14  Drone x3  
  66  4:20  Overlord, Drone  
  66  4:23  Drone  
  70  4:30  Overlord  
  70  4:31  Overlord  
  70  4:32  Drone x3  
  70  4:37  Roach Warren  
  72  4:39  Lair  
  72  4:42  Drone x3  
  73  4:47  Drone x6  
  73  4:49  Extractor  
  78  4:53  Extractor  
  78  4:57  Drone x4  
  81  5:00  Overlord  
  81  5:01  Extractor  
  81  5:02  Extractor  
  79  5:07  Hatchery  
  79  5:09  Drone x5  
  81  5:16  Drone x6  
  81  5:17  Extractor  
  81  5:18  Spore Crawler  
  81  5:21  Spore Crawler  
  84  5:26  Overlord  
  84  5:27  Evolution Chamber, Drone  
  84  5:28  Drone x2  
  86  5:31  Roach x2  
  86  5:35  Roach x2, Overlord  
  94  5:36  Pneumatized Carapace  
  94  5:41  Roach  
  96  5:43  Overseer  
  96  5:46  Roach x6  
  107  5:52  Glial Reconstitution  
  107  5:54  Roach x2  
  111  5:57  Zergling x10  
  111  5:58  Zergling x2  
  117  6:05  Overlord, Zerg Missile Weapons Level 1  
  117  6:08  Overlord x2  
  117  6:15  Overlord x4  
  117  6:22  Overlord  
  117  6:32  Drone x2  
  117  6:39  Roach x9  
  134  6:40  Ravager x6  
  134  6:46  Roach x3  
  146  6:52  Roach x4  
  154  7:00  Roach x5  
  164  7:05  Roach x4  
  172  7:20  Roach x10  
  184  7:27  Roach x3  
  177  7:35  Roach  
  177  7:36  Roach  
  157  7:39  Roach x5  
  149  7:45  Roach x4  
  154  7:55  Queen x2  
  154  7:56  Queen x2  
  129  8:08  Drone x12  
  133  8:15  Hydralisk Den  
  133  8:16  Infestation Pit  
  133  8:19  Roach x4  
  107  8:28  Roach x3  
  107  8:30  Zerg Missile Weapons Level 2  
  107  8:33  Roach x4  
  115  8:42  Drone x6  
  115  8:43  Extractor  
  115  8:44  Extractor  
  115  8:48  Roach  
  117  8:52  Hive  
  117  8:53  Roach x3, Lurker Den  
  122  8:56  Roach  
  122  9:02  Roach x2  
  128  9:06  Queen  
  128  9:07  Hydralisk x4  
  138  9:11  Zergling x10  
  143  9:19  Muscular Augments  
  143  9:30  Drone  
  143  9:31  Drone x2  
  146  9:37  Hydralisk x5, Spine Crawler  
  153  9:41  Overlord, Hatchery  
  153  9:42  Overlord  
  152  9:46  Drone x3  
  152  9:47  Evolution Chamber, Spine Crawler  
  152  9:48  Spine Crawler  
  152  9:52  Overlord x2  
  152  9:55  Hydralisk x3  
  158  10:03  Viper, Seismic Spines  
  158  10:04  Viper x2  
  167  10:19  Hydralisk x8  
  183  10:29  Grooved Spines, Extractor  
  183  10:30  Extractor  
  181  10:37  Zerg Ground Armor Level 1  
  181  10:41  Zergling x2  
  182  10:43  Zergling x14  
  182  10:47  Lurker x3  
  192  10:51  Lurker  
  192  10:54  Overlord  
  192  10:55  Overlord  
  192  10:58  Zerg Missile Weapons Level 3  
  192  11:03  Overseer  
  192  11:09  Lurker x2  
  192  11:10  Spine Crawler  
  193  11:12  Lurker  
  193  11:14  Adaptive Talons  
  192  11:21  Lurker  
  192  11:31  Lurker x3  
  195  11:44  Lurker x4  
  198  11:57  Lurker  
  198  11:58  Hatchery  
  177  12:16  Hydralisk x7  
  177  12:18  Lurker x4  
  195  12:25  Overlord x2  
  186  12:37  Roach  
  186  12:38  Zergling x14, Roach x3  
  184  12:47  Roach x8  
  193  12:51  Spire  
  193  12:53  Zerg Melee Weapons Level 1  
  193  12:55  Adrenal Glands  
  181  12:59  Hydralisk x8  
  197  13:18  Hatchery  
  183  13:21  Roach x4, Zergling x18  
  183  13:26  Hydralisk x2  
  200  13:33  Hydralisk x5  
  197  13:39  Hydralisk  
  196  13:52  Hydralisk x4  
  198  13:55  Spire  
  195  14:03  Hydralisk x2  
  199  14:14  Hydralisk x4  
  194  14:20  Zerg Flyer Weapons Level 1  
  194  14:23  Roach x8  
  168  14:30  Hydralisk x4  
  151  14:43  Hydralisk x7  
  163  14:49  Zerg Melee Weapons Level 2, Zerg Ground Armor Level 2  
  152  14:52  Corruptor x2  
  152  14:53  Corruptor x2  
  152  14:55  Drone x5  
  152  14:58  Drone x3  
  165  15:09  Extractor  
  165  15:10  Drone  
  165  15:11  Drone x5  
  170  15:17  Drone x3  
  170  15:19  Overseer  
  173  15:28  Corruptor x3  
  179  15:38  Corruptor x3  
  181  15:50  Corruptor x3  
  178  15:58  Overseer  
  178  16:08  Hydralisk x3  
  178  16:09  Hydralisk x7  
  132  16:14  Hydralisk x2  
  128  16:22  Corruptor  
  128  16:30  Corruptor x4  
Tags
 
Add a new tag
Caveats
  • Supply blocks, unpowered buildings, or Contaminate may cause inaccurate times.
  • Supply counts are checked every 10 seconds.